 Dungeon Crawl Stone Soup version 0.16.1-28-gcc2312f (webtiles) character file.

32960 sqallbeste the Protected (level 13, -1/116 HPs)
             Began as a Minotaur Berserker on May 26, 2015.
             Was a High Priest of Trog.
             Slain by a yaktaur (14 damage)
             ... on level 15 of the Dungeon.
             The game lasted 01:54:59 (18294 turns).

sqallbeste the Protected (Minotaur Berserker)      Turns: 18294, Time: 01:55:00

Health: -1/116     AC: 23    Str: 28    XL:     13   Next: 34%
Magic:  7/7        EV: 14    Int:  4    God:    Trog [*****.]
Gold:   575        SH:  0    Dex: 12    Spells: 0 memorised, 12 levels left

rFire  . . .     SeeInvis .     s - +5 battleaxe (flame)
rCold  . . .     Clarity  .     n - +0 plate armour
rNeg   . . .     SustAb   .     (no shield)
rPois  .         Gourm    .     (helmet restricted)
rElec  .         Spirit   .     M - +2 cloak {+Inv}
rCorr  .         Warding  .     F - +1 pair of gloves
rMut   .         Stasis   +     (no boots)
MR     ++...                    g - amulet of stasis
Stlth  ..........               e - +4 ring of evasion
                                h - +3 ring of dexterity

@: regenerating, very resistant to hostile enchantments, extremely unstealthy
A: retaliatory headbutt, horns 2, wild magic 1
a: Burn Spellbooks, Berserk, Trog's Hand, Brothers in Arms, Renounce Religion,
Evoke Invisibility


You were on level 15 of the Dungeon.
You worshipped Trog.
Trog was extremely pleased with you.
You were not hungry.

You visited 3 branches of the dungeon, and saw 19 of its levels.
You also visited: Sewer.

You collected 1358 gold pieces.
You spent 783 gold pieces at shops.

Inventory:

Hand weapons
 f - a +2 arbalest of flaming
 p - a +0 scythe of protection
 s - a +5 battleaxe of flaming (weapon)
 N - the +11 hand crossbow of Threvo {freeze, rF+ SInv Stlth+}
   (Trog gifted it to you on level 9 of the Dungeon)

   It causes projectiles fired from it to freeze those they strike, causing
   extra injury to most foes and up to half again as much damage against
   particularly susceptible opponents.
   They can also slow down cold-blooded creatures.
   It protects you from fire.
   It enhances your eyesight.
   It makes you more stealthy.
 Q - a +2 antimagic broad axe
Missiles
 S - 15 bolts
Armour
 a - the -3 shield of Pitom Tracy {rC- Str+3 SInv}
   (You acquired it on level 13 of the Dungeon)

   It affects your strength (+3).
   It makes you vulnerable to cold.
   It enhances your eyesight.
 n - a +0 plate armour (worn)
 F - a +1 pair of gloves (worn)
 M - a +2 cloak of invisibility (worn)
Magical staves
 c - an uncursed staff of summoning {unknown}
 x - an uncursed staff of energy {unknown}
Jewellery
 e - a +4 ring of evasion (right hand)
 g - an amulet of stasis (around neck)
 h - a +3 ring of dexterity (left hand)
 j - an uncursed ring of see invisible
 H - an uncursed ring of loudness
 K - an uncursed amulet of resist mutation
 X - an uncursed ring of positive energy
 Z - an uncursed ring of fire
Magical devices
 i - a wand of digging (15)
 r - a wand of fireball (3)
 v - a wand of disintegration (4)
 w - a wand of random effects (18)
 y - a wand of cold (0)
 A - a wand of draining (4)
 B - a wand of teleportation (4)
 I - a wand of teleportation (3)
 R - a wand of slowing (27)
 T - a wand of magic darts (18)
Scrolls
 k - 7 scrolls of teleportation
 q - 3 scrolls of blinking
 u - 6 scrolls of remove curse
 L - a scroll of recharging
 O - 3 scrolls of fog
 W - 3 scrolls of identify
 Y - a scroll of summoning
Potions
 b - 2 potions of might
 l - 3 potions of resistance
 m - 2 potions of restore abilities
 o - a potion of poison
 z - a potion of haste
 C - a potion of invisibility
 D - a potion of cancellation
 G - a potion of agility
 P - 2 potions of curing
 V - a potion of magic
Books
 t - a book of Maledictions

   Spells                             Type                      Level
   a - Corona                         Hexes                        1
   b - Sure Blade                     Hexes/Charms                 2
   c - Ensorcelled Hibernation        Hexes/Ice                    2
   d - Confuse                        Hexes                        3
   e - Dazzling Spray                 Conjuration/Hexes            3
   f - Enslavement                    Hexes                        4
   Trog disapproves of the use of such an item.
 J - a book of Transfigurations

   Spells                             Type                      Level
   a - Stoneskin                      Transmutation/Earth          2
   b - Irradiate                      Conjuration/Transmutation    5
   c - Statue Form                    Transmutation/Earth          6
   d - Hydra Form                     Transmutation                6
   e - Dragon Form                    Transmutation                7
   Trog disapproves of the use of such an item.
Comestibles
 E - 4 royal jellies


   Skills:
 + Level 11.1 Fighting
 * Level 12.1(14.6) Axes
 - Level 13.9(15.5) Polearms
 + Level 2.7 Crossbows
 * Level 14.9 Armour
 + Level 3.6 Dodging
 + Level 0.8 Stealth
 * Level 6.3 Shields
 + Level 1.1 Evocations


You had 12 spell levels left.
You didn't know any spells.

Dungeon Overview and Level Annotations

Branches:
Dungeon (15/15)            Temple (0/1) D:5            Lair (0/8) D:10
    Orc (3/4) D:9             Elf (1/3) Orc:3        Vaults (0/5) D:14
 Depths: D:15

Altars:
Ashenzari
Dithmenos
Makhleb
Qazlal
Ru
Sif Muna
Vehumet
Xom
Yredelemnul
The Shining One
Beogh

Shops:
D:6 [   D:14 ?   Orc:1 *


Innate Abilities, Weirdness & Mutations

You reflexively headbutt those who attack you in melee.
You have a pair of horns on your head.
Your spells are a little harder to cast, but a little more powerful.


Message History

The hill giant is almost dead.
The yaktaur unwields an uncursed arbalest.
The yaktaur evokes its amulet.
The yaktaur goes berserk!
Use which ability? (? or * to list)
Your skin crawls.
You feel resistant to hostile enchantments.
You feel slightly more hungry.
The hill giant hits you with a giant spiked club.
* * * LOW HITPOINT WARNING * * *
You hear two shouts!
Eat which item? (? for menu, Esc to quit)
Okay, then.
You feel better. The yaktaur hits you.
* * * LOW HITPOINT WARNING * * *
The yaktaur hits you but does no damage.
The hill giant hits you with a giant spiked club!!
* * * LOW HITPOINT WARNING * * *
As you read the scroll of fog, it crumbles to dust.
The scroll dissolves into smoke.
The yaktaur hits you!
You die...

+#....#.......#......
......#.......#......
#....#.......#......
#....#.......#...?..
#....###'#####......
#..(................
######.§§§..(...###'#####
........§§c......#........
.......§§@CO.....#........
.....###+##§.....#........
... #......#........
#......#........
#......#####....
#..........####' #..C..
......... .........
#####....


You could see a hill giant, an ogre mage and a yaktaur (berserk).

Vanquished Creatures
  An ogre mage (D:15)
  3 centaur warriors
  2 unseen horrors
  A deep elf knight (D:15)
  A wizard (D:14)
  An orc knight (Orc:2)
  A deep elf summoner (Elf:1)
  10 hill giants
  Pikel (D:4)
  2 ugly things (D:13)
  A cyclops (D:11)
  An elephant (D:9)
  5 centaur zombies
  Maurice (D:13)
  2 gargoyles
  A spiny frog (shapeshifter) (D:15)
  Psyche (D:11)
  5 centaur skeletons
  The ghost of Buttershy the Skirmisher, an experienced KoBe of Trog (D:5)
  A troll (D:13)
  A wind drake (shapeshifter) (D:13)
  Grinder (D:3)
  6 slime creatures
  4 two-headed ogres
  2 shadows
  A wyvern (D:11)
  A spriggan (D:7)
  4 deep elf magi
  3 hippogriffs
  11 yaks
  A warg (Orc:1)
  2 wraiths
  A deep elf fighter (Orc:3)
  Edmund (D:6)
  2 hungry ghosts
  A soldier ant (D:12)
  A mottled dragon (D:9)
  6 ice beasts
  11 orc warriors
  2 slaves (D:4)
  A wasp (D:9)
  6 sky beasts
  3 phantoms
  10 ogres
  An eye of draining (D:12)
  A necrophage (D:5)
  9 centaurs
  Sigmund (D:2)
  3 boggarts (D:15)
  5 big kobolds (Sewer)
  4 crocodiles
  A brain worm (D:15)
  Blork the orc (D:4)
  13 giant frogs
  3 scorpions
  2 troll zombies (D:9)
  7 wights
  6 killer bees (D:8)
  10 crimson imps
  4 goliath beetles
  4 giant frog zombies
  5 hounds
  2 jellies
  A gnoll shaman (D:6)
  4 giant frog skeletons
  18 orc priests
  4 iguanas
  Natasha (thrice) (D:3)
  12 orc wizards
  9 worker ants
  4 ogre zombies (D:9)
  2 hound zombies (D:7)
  A hound skeleton (D:8)
  A mummy (D:9)
  A worker ant zombie (D:10)
  15 adders
  15 gnolls
  2 river rats (Sewer)
  A giant mite (D:9)
  3 shadow imps
  8 worms
  An adder skeleton (D:7)
  2 adder zombies (D:6)
  7 giant geckos
  7 oozes
  76 orcs
  2 ball pythons (Sewer)
  17 bats
  7 giant cockroaches
  19 hobgoblins
  7 jackals
  16 kobolds
  6 quokkas
  5 giant newts
  A giant spore (D:12)
  11 goblins
  2 goblin skeletons (D:9)
  3 goblin zombies (D:9)
  3 orc skeletons (D:9)
  11 orc zombies (D:9)
  33 rats
  3 ballistomycetes (D:12)
  A fungus (D:10)
550 creatures vanquished.

Vanquished Creatures (collateral kills)
  A hill giant (D:15)
  A centaur skeleton (D:15)
  Sonja (D:11)
  A troll (D:11)
  A basilisk (D:11)
  A boggart (D:15)
  A giant frog (D:11)
  A gnoll sergeant (D:6)
  A wyvern zombie (D:11)
  An orc wizard (D:11)
  6 gnolls (D:6)
  2 orcs (D:11)
18 creatures vanquished.

Vanquished Creatures (others)
  2 giant spores
2 creatures vanquished.

Grand Total: 570 creatures vanquished

Notes
Turn   | Place    | Note
--------------------------------------------------------------
     0 | D:1      | sqallbeste, the Minotaur Berserker, began the quest for the Orb.
     0 | D:1      | Reached XP level 1. HP: 19/19 MP: 1/1
   137 | D:1      | Reached skill level 4 in Axes
   137 | D:1      | Reached XP level 2. HP: 21/27 MP: 1/1
   621 | D:1      | Found a shimmering altar of Xom.
   655 | D:1      | Acquired Trog's second power
   712 | D:1      | Reached XP level 3. HP: 30/33 MP: 2/2
  1409 | D:2      | Reached XP level 4. HP: 40/40 MP: 2/2
  1473 | D:2      | Found a deep blue altar of Sif Muna.
  1474 | D:2      | Found a shimmering altar of Xom.
  1476 | D:2      | Found a sacrificial altar of Ru.
  1518 | D:2      | Reached skill level 1 in Shields
  1745 | D:2      | Noticed Sigmund
  1774 | D:2      | Killed Sigmund
  1774 | D:2      | Reached skill level 5 in Axes
  1774 | D:2      | Reached XP level 5. HP: 36/46 MP: 2/2
  1808 | D:2      | Found a radiant altar of Vehumet.
  1810 | D:2      | Found a stormy altar of Qazlal.
  2208 | D:3      | Noticed Natasha
  2214 | D:3      | Killed Natasha
  2535 | D:3      | Noticed Grinder
  2535 | D:3      | Noticed Natasha
  2542 | D:3      | Killed Natasha
  2542 | D:3      | Reached skill level 1 in Polearms
  2544 | D:3      | Paralysed by Grinder for 6 turns
  2562 | D:3      | Paralysed by Grinder for 5 turns
  2572 | D:3      | Killed Grinder
  2572 | D:3      | Reached skill level 5 in Fighting
  2572 | D:3      | Reached skill level 5 in Armour
  2572 | D:3      | Reached XP level 6. HP: 40/56 MP: 3/3
  2855 | D:3      | Noticed Natasha
  2858 | D:3      | Killed Natasha
  3104 | D:4      | Noticed Blork the orc
  3110 | D:4      | Killed Blork the orc
  3110 | D:4      | Reached skill level 6 in Armour
  3110 | D:4      | Reached XP level 7. HP: 61/61 MP: 3/3
  3293 | D:4      | Found a glowing golden altar of the Shining One.
  3387 | D:4      | Acquired Trog's third power
  3610 | D:4      | Found a shadowy altar of Dithmenos.
  3730 | D:4      | Noticed Pikel
  3745 | D:4      | Killed Pikel
  3745 | D:4      | Reached skill level 7 in Armour
  3745 | D:4      | Reached XP level 8. HP: 70/70 MP: 3/3
  3839 | D:5      | Entered Level 5 of the Dungeon
  3843 | D:5      | Reached skill level 8 in Armour
  4020 | D:5      | Found a glowing drain.
  4035 | Sewer    | Entered a sewer
  5168 | D:5      | Found a staircase to the Ecumenical Temple.
  5218 | D:5      | Found a shimmering altar of Xom.
  5341 | D:5      | Reached XP level 9. HP: 78/78 MP: 4/4
  5359 | D:5      | Reached skill level 9 in Armour
  5377 | D:5      | Noticed Buttershy's ghost (experienced KoBe)
  5389 | D:5      | Killed Buttershy's ghost
  5978 | D:5      | Found a basalt altar of Yredelemnul.
  6202 | D:6      | Noticed Edmund
  6220 | D:6      | Killed Edmund
  6265 | D:6      | Received a gift from Trog
  6269 | D:6      | Reached skill level 10 in Armour
  6406 | D:6      | Found Ycomott's Armour Emporium.
  6416 | D:6      | Bought a +0 pair of gloves for 63 gold pieces
  6514 | D:6      | Noticed a hill giant
  6739 | D:6      | Reached skill level 10 in Polearms
  7723 | D:7      | Reached XP level 10. HP: 86/88 MP: 5/5
  8362 | D:8      | Found a burning altar of Makhleb.
  8466 | D:8      | Reached skill level 11 in Polearms
  9458 | D:9      | Found a staircase to the Orcish Mines.
  9474 | D:9      | Received a gift from Trog
  9481 | D:9      | Got a twisted hand crossbow {god gift}
  9535 | D:9      | Reached skill level 12 in Polearms
  9674 | D:9      | Identified the +11 hand crossbow of Threvo {freeze, rF+ SInv Stlth+} (Trog gifted it to you on level 9 of the Dungeon)
  9974 | Orc:1    | Entered Level 1 of the Orcish Mines
  9974 | Orc:1    | Found Ghet Esu's Assorted Antiques.
  9989 | Orc:1    | Bought a ruby ring for 145 gold pieces
  9989 | Orc:1    | Bought a scroll of identify for 58 gold pieces
 10016 | Orc:1    | Reached XP level 11. HP: 86/95 MP: 5/5
 10510 | Orc:2    | Found a roughly hewn altar of Beogh.
 10908 | Orc:2    | Reached skill level 13 in Polearms
 11213 | Orc:3    | Found a staircase to the Elven Halls.
 11228 | Elf:1    | Entered Level 1 of the Elven Halls
 11228 | Elf:1    | Noticed a deep elf summoner
 11325 | Elf:1    | Noticed a deep elf summoner
 11326 | Elf:1    | Noticed a deep elf summoner
 11333 | Elf:1    | Noticed a deep elf summoner
 11333 | Elf:1    | Killed a deep elf summoner
 11450 | Elf:1    | Noticed a deep elf summoner
 11479 | Elf:1    | Noticed a deep elf summoner
 11504 | Orc:3    | HP: 4/97 [poisoned by a deep elf summoner]
 11505 | Orc:3    | Gained mutation: Your spells are a little harder to cast, but a little more powerful. [potion of mutation]
 11505 | Orc:3    | Gained mutation: Scrolls take you a little longer to read. [potion of mutation]
 11505 | Orc:3    | Lost mutation: Scrolls take you a little longer to read. [potion of mutation]
 11660 | Orc:1    | Bought a bubbling green potion for 26 gold pieces
 11660 | Orc:1    | Bought a scroll labeled SOODGH ASILYPRU for 29 gold pieces
 11660 | Orc:1    | Bought a potion of agility for 116 gold pieces
 11660 | Orc:1    | Bought a scroll of identify for 58 gold pieces
 11660 | Orc:1    | Bought a potion of curing for 87 gold pieces
 11742 | D:10     | Entered Level 10 of the Dungeon
 12717 | D:10     | Found a staircase to the Lair.
 12842 | D:10     | Noticed a hill giant
 12857 | D:10     | Killed a hill giant
 12867 | D:10     | Received a gift from Trog
 13405 | D:10     | Noticed a hill giant
 13414 | D:10     | Killed a hill giant
 13420 | D:10     | Noticed a hill giant
 13431 | D:10     | Killed a hill giant
 13431 | D:10     | Reached skill level 10 in Fighting
 13460 | D:10     | Noticed a centaur warrior
 13468 | D:10     | Killed a centaur warrior
 13785 | D:11     | Noticed Psyche
 13792 | D:11     | Killed Psyche
 13792 | D:11     | Reached XP level 12. HP: 102/106 MP: 6/6
 13957 | D:11     | Noticed Sonja
 13963 | D:11     | Killed Sonja
 14164 | D:11     | Noticed an unseen horror
 14179 | D:11     | Killed an unseen horror
 14238 | D:11     | Reached skill level 14 in Armour
 15457 | D:13     | Noticed Maurice
 15475 | D:13     | Killed Maurice
 15523 | D:13     | Reached skill level 5 in Shields
 15528 | D:13     | Reached skill level 10 in Axes
 15754 | D:13     | Got a jewelled shield
 15761 | D:13     | Identified the -3 shield of Pitom Tracy {rC- Str+3 SInv} (You acquired it on level 13 of the Dungeon)
 16468 | D:14     | Found Tid Twoa's Magic Scroll Emporium.
 16504 | D:14     | Found a gate to the Vaults.
 16539 | D:14     | Bought a scroll of summoning for 123 gold pieces
 16539 | D:14     | Bought a scroll of fog for 26 gold pieces
 16539 | D:14     | Bought a scroll of identify for 26 gold pieces
 16539 | D:14     | Bought a scroll of fog for 26 gold pieces
 16780 | D:14     | Reached XP level 13. HP: 116/116 MP: 6/6
 16849 | D:14     | Received a gift from Trog
 16971 | D:14     | Reached skill level 1 in Crossbows
 17386 | D:15     | Entered Level 15 of the Dungeon
 17464 | D:15     | Found a shattered altar of Ashenzari.
 17706 | D:15     | Reached skill level 1 in Evocations
 18294 | D:15     | Slain by a yaktaur

Action                   |  1- 3 |  4- 6 |  7- 9 | 10-12 | 13-15 || total
-------------------------+-------+-------+-------+-------+-------++-------
Melee: Hand axe          |    92 |    13 |       |       |       ||   105
       Scythe            |       |   106 |   555 |   508 |       ||  1169
       Broad axe         |       |       |       |    53 |     6 ||    59
       Battleaxe         |       |       |       |   196 |    63 ||   259
 Fire: Hand crossbow     |       |       |       |    27 |    21 ||    48
Throw: Javelin           |    12 |     4 |       |     1 |       ||    17
Invok: Berserk           |       |     1 |     2 |     3 |     1 ||     7
       Brothers in Arms  |       |       |     1 |     1 |     1 ||     3
       Trog's Hand       |       |       |       |     5 |     1 ||     6
Evoke: Wand              |       |       |     5 |     1 |     2 ||     8
  Use: Potion            |     4 |     2 |     5 |    15 |     2 ||    28
       Scroll            |     4 |     4 |     9 |    16 |     2 ||    35
  Eat: Bread ration      |     1 |       |     3 |     4 |     2 ||    10
       Meat ration       |       |     1 |     1 |       |       ||     2
       Pizza             |       |       |     1 |       |       ||     1
       Beef jerky        |       |       |     1 |       |       ||     1
       Royal jelly       |       |       |       |     6 |       ||     6
       Chunk             |       |       |       |     3 |       ||     3
